Cogmind - Beta 17 @@@ ROGUE MODE // 2026.08.23 @ 12:24:20 Player: 4R-ZE3 Result: Self-destructed Performance ------------- Evolutions (1) 500 Regions Visited (3) 600 Robots Destroyed (18) 90 Value Destroyed (530) 530 Prototype IDs (0) 0 Alien Tech Used (0) 0 Bonus (0) 0 TOTAL SCORE: 1720 Bonus ------- None Cogmind --------- Core Integrity 400/400 Matter 300/300 Energy 250/250 System Corruption 0% Temperature Cool (0) Movement Treading (240) Ox1 Location -9/Materials Parts ------- > --- POWER (1) -------- Ion Engine > --- PROPULSION (2) --- Improved Treads Improved Treads > --- UTILITY (4) ------ Heat Sink High-capacity Storage Unit > --- WEAPON (2) ------- Beam Cannon Beam Cannon > --- INVENTORY (20) --- Ion Engine Light Treads Improved Treads Improved Treads Wheel Compact Wheel Heat Sink Heat Sink Heat Sink Beam Cannon Beam Cannon Autogun Autogun Autogun Autogun Rocket Launcher Rocket Launcher Rocket Launcher Peak State ------------ > --- POWER ------------ Ion Engine > --- PROPULSION ------- Improved Treads Improved Treads > --- UTILITY ---------- Heat Sink High-capacity Storage Unit > --- WEAPON ----------- Beam Cannon Beam Cannon > --- INVENTORY -------- Ion Engine Light Treads Improved Treads Improved Treads Wheel Compact Wheel Heat Sink Heat Sink Beam Cannon Beam Cannon Autogun Autogun Autogun Rocket Launcher [Rating: 11] Favorites ----------- Power Ion Engine Engine Ion Engine Propulsion Improved Treads Treads Improved Treads Utility Heat Sink Device Heat Sink Storage High-capacity Storage Unit Weapon Beam Cannon Energy Gun Medium Laser Energy Cannon Beam Cannon Build | -11 -10 -10 -9 ------- Run | Yrd Mat Min Mat Slots Evolved 2 | . . . 2 Power . | . . . . Propulsion . | . . . . Utility 2 | . . . 2 Weapon . | . . . . Parts Attached 16 | 7 9 . . Power 2 | 1 1 . . Engine 2 | 1 1 . . Core . | . . . . Reactor . | . . . . Propulsion 4 | 2 2 . . Treads 4 | 2 2 . . Leg . | . . . . Wheel . | . . . . Hover . | . . . . Flight . | . . . . Utility 5 | 1 4 . . Device 2 | . 2 . . Storage 3 | 1 2 . . Processor . | . . . . Hackware . | . . . . Protection . | . . . . Artifact . | . . . . Weapon 5 | 3 2 . . Energy Gun 3 | 3 . . . Energy Cannon 2 | . 2 . . Ballistic Gun . | . . . . Ballistic Cannon . | . . . . Launcher . | . . . . Special Weapon . | . . . . Impact Weapon . | . . . . Slashing Weapon . | . . . . Piercing Weapon . | . . . . Special Melee Weapon . | . . . . Unidentified Prototypes . | . . . . Parts Lost 1 | . 1 . . Power 1 | . 1 . . Propulsion . | . . . . Utility . | . . . . Weapon . | . . . . Highest Loss Streak 1 | . 1 . . To Critical Strikes . | . . . . Average Backups 12 | 2 10 18 18 Power 1 | . 1 1 1 Propulsion 3 | 1 3 5 5 Utility 2 | . 1 3 3 Weapon 5 | . 3 9 9 Tool/Special . | . . . . Unused Backups 17 | . 1 . 16 Power 2 | . 1 . 1 Propulsion 4 | . . . 4 Utility 2 | . . . 2 Weapon 9 | . . . 9 Tool/Special . | . . . . Average Slot Usage (%) 98 | . 98 100 77 Engine 13 | . 13 14 11 Treads 27 | . 28 28 22 Device 13 | . 12 14 11 Storage 13 | . 14 14 11 Energy Gun 9 | . 14 . . Energy Cannon 18 | . 13 28 22 Peak Build Rating 11 | 6 11 11 11 Average Rating 9 | 4 8 11 11 On Entrance 7 | . 6 11 11 Avg Prop Armor Cover (%) . | . . . . Naked Turns . | . . . . Heaviest Build 52 | 12 52 52 52 Greatest Support 46 | 40 46 46 46 Greatest Overweight (x) 2 | . 2 1 1 Average Overweight (x) . | . . 1 1 Largest Inventory Capacity 20 | 8 20 20 20 Average Capacity 15 | 6 13 20 20 Most Carried 18 | 4 18 18 18 Average Carried 12 | 2 10 18 18 Final Capacity 20 | 8 20 20 20 Final Carried 18 | 4 18 18 18 Class Distribution -------------------- 100% | Mutant Dominant Class ---------------- Mutant | -10/Materials Mutant | -10/Mines Mutant | -9/Materials Resources | -11 -10 -10 -9 ----------- Run | Yrd Mat Min Mat Matter Collected 385 | 218 167 . . Remotely . | . . . . Salvage Created 625 | . 607 18 . Parts 35 | . 34 1 . Haulers Intercepted . | . . . . Recyclers Shooed . | . . . . Parts Field Recycled . | . . . . Retrieved Matter . | . . . . Parts Self-Destructed . | . . . . Prevented . | . . . . Parts Restored . | . . . . Kills | -11 -10 -10 -9 ------- Run | Yrd Mat Min Mat Combat Hostiles Destroyed 17 | . 17 . . Guns 5 | . 5 . . Cannons 11 | . 11 . . Classes Destroyed 3 | . 2 1 . Worker 1 | . . 1 . Swarmer 3 | . 3 . . Grunt 14 | . 14 . . Best Kill Streak 4 | . 4 1 . Combat Bots Only 4 | . 4 . . Max Kills in Single Turn 1 | . 1 1 . Gunslinging . | . . . . Exploded . | . . . . Melee . | . . . . Uniques/NPCs Destroyed . | . . . . Combat | -11 -10 -10 -9 -------- Run | Yrd Mat Min Mat Hostile Shots Fired 78 | . 78 . . Missed 25 | . 25 . . Hits 53 | . 53 . . Projectile 53 | . 53 . . Damage Taken 582 | . 582 . . Core 87 | . 87 . . Absorbed by Shields . | . . . . Core Remaining (%) 82 | 100 . 65 . Volleys Fired 47 | . 41 3 3 Largest 2 | . 2 2 2 Hottest 120 | . 120 120 120 Shots Fired 96 | . 83 7 6 Gun 50 | . 50 . . Cannon 46 | . 33 7 6 Launcher . | . . . . Special . | . . . . Kinetic . | . . . . Thermal 96 | . 83 7 6 Explosive . | . . . . Electromagnetic . | . . . . Robot Hit Streak 9 | . 9 2 7 Robot Miss Streak 4 | . 4 1 1 Penetration Max . | . . . . Secondary Targets . | . . . . Shots Hit Robots 59 | . 51 3 5 Core Hits 23 | . 22 1 . Critical Kills . | . . . . Critical Parts Destroyed . | . . . . Critical Strikes 3 | . 3 . . Burn 3 | . 3 . . Melee Attacks . | . . . . Impact . | . . . . Slashing . | . . . . Piercing . | . . . . Sneak Attacks . | . . . . Combat Hostiles . | . . . . Follow-up Attacks . | . . . . Damage Inflicted 901 | . 760 54 87 Guns 443 | . 443 . . Cannons 458 | . 317 54 87 Explosions . | . . . . Melee . | . . . . Ramming . | . . . . Kinetic . | . . . . Thermal 901 | . 760 54 87 Explosive . | . . . . Electromagnetic . | . . . . Impact . | . . . . Slashing . | . . . . Piercing . | . . . . Highest Corruption 1 | . 1 1 . Average Corruption 1 | . 1 1 . Corruption Purged . | . . . . Corruption Blocked . | . . . . Effects 6 | . 3 3 . Message Errors 1 | . . 1 . Heat Flow Errors 1 | . 1 . . Data Loss (minor) 2 | . 1 1 . Misfires 2 | . 1 1 . Overload Shots . | . . . . Overflow Damage 17 | . . . 17 Projectiles 17 | . . . 17 Explosions . | . . . . Melee . | . . . . Knockbacks . | . . . . Impact . | . . . . Kinetic . | . . . . Secondary . | . . . . Self-Inflicted Damage . | . . . . Shots . | . . . . Rammed . | . . . . Targets Rammed . | . . . . Kicked . | . . . . Crushed . | . . . . Highest Temperature 245 | . 245 60 63 Average Temperature 95 | . 105 22 34 Received Heat Transfer 300 | . 300 . . Effects 1 | . 1 . . Energy Bleed 1 | . 1 . . Siege Activations . | . . . . Martial Activations . | . . . . Shielding Activations . | . . . . Robots Disrupted . | . . . . Combat Hostiles . | . . . . Robots Corrupted . | . . . . Combat Hostiles . | . . . . Parts Fried . | . . . . Impact Corruptions . | . . . . Robots Melted 1 | . 1 . . Combat Hostiles 1 | . 1 . . Parts Melted 7 | . 7 . . Heat Transferred 2442 | . 2146 111 185 Parts Sabotaged . | . . . . Parts Stolen . | . . . . Parts Stripped . | . . . . Power Chain Reactions . | . . . . Alert | -11 -10 -10 -9 ------- Run | Yrd Mat Min Mat Maximum Alert Level . | . . . . Low Security (%) 100 | 100 100 100 100 Level 1 . | . . . . Level 2 . | . . . . Level 3 . | . . . . Level 4 . | . . . . Level 5 . | . . . . High Security . | . . . . Max Security . | . . . . Peak Influence 154 | . 154 57 36 Initial 57 | . . 57 . Average 34 | . 50 7 9 Influence Increases 528 | . 477 5 46 Destroy 0b10 Robot/C 340 | . 340 . . Destroy 0b10 Robot/NC 5 | . . 5 . Destroy Leader 70 | . 70 . . Successful Hack 5 | . 5 . . Select Force Hacks 90 | . 60 . 30 Disable Machine 15 | . . . 15 Destroy Structure 3 | . 2 . 1 Influence Decreases 492 | . 329 153 10 Entered New Map 91 | . . 91 . Time Decay 391 | . 319 62 10 Lost Part 10 | . 10 . . Squads Dispatched 8 | . 6 . 2 Investigation 6 | . 5 . 1 Extermination . | . . . . Reinforcement 2 | . 1 . 1 Assault . | . . . . Garrison . | . . . . Intercept . | . . . . Searches Triggered . | . . . . Construction Impeded . | . . . . Haulers Reinforced . | . . . . Active Scanning Responses . | . . . . Cargo Convoy Interrupts . | . . . . Stealth | -11 -10 -10 -9 --------- Run | Yrd Mat Min Mat Distress Signals 1 | . 1 . . Communications Jammed . | . . . . Distress Signals . | . . . . Times Spotted 22 | . 21 . 1 Peak Tracking Total 5 | . 5 . 1 Tactical Retreats . | . . . . Traps | -11 -10 -10 -9 ------- Run | Yrd Mat Min Mat Traps Triggered 3 | . 3 . . Indirectly . | . . . . Trap Hack Attempts . | . . . . Triggered . | . . . . Disarmed . | . . . . Reprogrammed . | . . . . Reused . | . . . . Traps Extracted . | . . . . Installed . | . . . . Triggered . | . . . . Machines | -11 -10 -10 -9 ---------- Run | Yrd Mat Min Mat Machines Disabled 1 | . . . 1 Max in Single Turn . | . . . . Machines Repaired . | . . . . Machines Dismantled . | . . . . Machines Sabotaged . | . . . . Overloaded Fab Kills . | . . . . Hacking | -11 -10 -10 -9 --------- Run | Yrd Mat Min Mat Machines Accessed 8 | . 7 . 1 Terminals 5 | . 5 . . Fabricators . | . . . . Repair Stations . | . . . . Recycling Units 3 | . 2 . 1 Scanalyzers . | . . . . Garrison Access . | . . . . Total Hacks 21 | . 20 . 1 Successful 8 | . 7 . 1 Failed 13 | . 13 . . Catastrophic . | . . . . Database Lockouts . | . . . . Manual 21 | . 20 . 1 Terminals 18 | . 18 . . Fabricators . | . . . . Repair Stations . | . . . . Recycling Units 3 | . 2 . 1 Scanalyzers . | . . . . Garrison Access . | . . . . Terminal Hacks 3 | . 3 . . Robot Analysis 3 | . 3 . . Fabricator Hacks . | . . . . Repair Station Hacks . | . . . . Recycling Unit Hacks . | . . . . Scanalyzer . | . . . . Garrison Access Hacks . | . . . . Unauthorized Hacks 5 | . 4 . 1 Terminals 2 | . 2 . . Botnet 2 | . 2 . . Fabricators . | . . . . Repair Stations . | . . . . Recycling Units 3 | . 2 . 1 Tunnel 3 | . 2 . 1 Scanalyzers . | . . . . Garrison Access . | . . . . Data Cores Recovered . | . . . . Used . | . . . . Hacking Detections 5 | . 5 . . Full Trace Events 2 | . 2 . . Feedback Events . | . . . . Feedback Blocked . | . . . . Robot Schematics Acquired . | . . . . Robots Built . | . . . . Authchips . | . . . . Time . | . . . . Total Robot Build Rating . | . . . . Part Schematics Acquired . | . . . . Parts Built . | . . . . Authchips . | . . . . Time . | . . . . Total Part Build Rating . | . . . . Part Studies Acquired . | . . . . Parts Repaired . | . . . . Time . | . . . . Parts Recycled . | . . . . Recycled Matter . | . . . . Retrieved Matter . | . . . . Retrieved Components . | . . . . Parts Scanalyzed . | . . . . Part Schematics Acquired . | . . . . Parts Damaged . | . . . . Bothacking | -11 -10 -10 -9 ------------ Run | Yrd Mat Min Mat Used RIF Installer . | . . . . Robots Hacked . | . . . . Non-combat . | . . . . Combat . | . . . . Robot Hacks Applied . | . . . . Relay Couplers Released . | . . . . Fabnet Peak Effective % . | . . . . Robots Rewired . | . . . . Allies Hacked . | . . . . Hacks Repelled . | . . . . Allies | -11 -10 -10 -9 -------- Run | Yrd Mat Min Mat Total Allies 1 | . . 1 . Largest Group 1 | . . 1 1 Highest-Rated Group 31 | . . 31 31 Highest-Rated Ally 31 | . . 31 31 Total Orders . | . . . . Ally Attacks 2 | . . . 2 Total Damage . | . . . . Kills . | . . . . Allies Corrupted . | . . . . Allies Melted . | . . . . Intel | -11 -10 -10 -9 ------- Run | Yrd Mat Min Mat Active Infowar (turns) . | . . . . Robot Analysis Total 3 | . 3 . . Derelict Logs Recovered 2 | . . 2 . Drone Launches . | . . . . Drone Recoveries . | . . . . Exploration | -11 -10 -10 -9 ------------- Run | Yrd Mat Min Mat Turns Passed 1690 | 71 1068 506 45 Spaces Moved 748 | 38 487 208 15 Core 3 | 3 . . . Treads 745 | 35 487 208 15 Legs . | . . . . Wheels . | . . . . Hover . | . . . . Flight . | . . . . Fastest Speed 50 | 50 160 240 240 Average Speed 199 | 151 183 240 240 Slowest Speed 320 | 160 320 240 240 Overloaded Moves . | . . . . Propulsion Burnouts . | . . . . Robots Hopped . | . . . . Potential Cave-ins . | . . . . Cave-ins Triggered . | . . . . Exploration Rate (%) 37 | 3 85 55 7 Regions Visited 3 Branch Regions 1 Pre-discovered Areas 3 | . 2 . 1 Known Exits Taken . | . . . . Unknown Exits Taken 3 | 1 1 1 . Scrap Searched 1 | . . 1 . Spaces Dug . | . . . . Terrain Destroyed . | . . . . Melee . | . . . . Projectile . | . . . . AOE . | . . . . Terrain Rammed . | . . . . Walls Destroyed . | . . . . Machines Disabled . | . . . . Actions | -11 -10 -10 -9 --------- Run | Yrd Mat Min Mat Total 854 | 48 578 210 18 Wait 14 | . 14 . . Move 745 | 37 486 207 15 Hop . | . . . . Pick Up 20 | 4 16 . . Fast Attach 12 | 6 6 . . Attach 1 | . 1 . . Detach . | . . . . Swap 6 | 1 5 . . Drop 9 | . 9 . . Fire 47 | . 41 3 3 Melee . | . . . . Ram . | . . . . Kick . | . . . . Crush . | . . . . Escape Stasis . | . . . . Rewire . | . . . . Trap . | . . . . Miscellaneous . | . . . . Route ------- -11/Scrapyard -10/Materials (discovered 4 exits: *Mat x2 / [*Min x2]) -10/Mines (discovered 2 exits: *Mat / [*Exi]) -9/Materials History --------- Turn | Location | Event 27 | -11/Scrapyard | Discovered new exit (range 16) 72 | -11/Scrapyard | Entered Materials 306 | -10/Materials | Build established: Mutant 485 | -10/Materials | Discovered new exit (range 6) 572 | -10/Materials | Derelicts attacked the area 599 | -10/Materials | Discovered new exit (range 5) 680 | -10/Materials | Discovered new exit (range 10) 969 | -10/Materials | Discovered new exit (range 5) 1140 | -10/Materials | Entered Mines 1224 | -10/Mines | Learned Materials trap positions 1347 | -10/Mines | Found a hidden stash of uninstalled traps 1416 | -10/Mines | Deemed a non-threat by the Exiles lab entrance 1416 | -10/Mines | Discovered new exit (range 5) 1473 | -10/Mines | Received a Mining Laser from a helpful Derelict 1473 | -10/Mines | Learned Materials stockpile data 1622 | -10/Mines | Discovered new exit (range 9) 1646 | -10/Mines | Entered Materials 1646 | -9/Materials | Accompanied by 1 ally 1646 | -9/Materials | Evolved 2 slots: Utility x2 1647 | -9/Materials | Loaded intel: 14 trap records 1691 | -9/Materials | Self-destructed Last Messages --------------- GOAL=ESCAPE Loading Materials trap records (x14)... Loading Materials stockpile data (x8)... 01669_ O-16 Technician: "IFF HANDSHAKE FAILED. SECURING TERMINAL." 01669_ Hadron Collector disabled. 01673_ O-16 Technician uses terminal to summon reinforcements. 01673_ ALERT: Hostiles spotted, dispatching reinforcements to Terminal M011. 01673_ O-16 Technician locks terminal. 01673_ Destroyed Lgt. Ion Engine. 01673_ Destroyed Hacking Suite. 01676_ Destroyed Hover Unit. 01687_ Connecting with Recycling Unit... 01687_ Current location identified: Materials >>Force(Tunnel) DISCOVERED[-6/Extension] 01687_ ALERT: Suspicious activity at Recycling Unit M001. Dispatching Investigation squad. Map ----- +----------------------------------------------------+ | ?????????????????????????????????????????????????? | | ?????????????????????????????????????????????????? | | ?????????????????????????????????????????????????? | | ?????????????????????????????????????????????????? | | ?????????????????????????????????????????????????? | | ?????????????????????????????????????????????????? | | ?????????????????????????????????????????????????? | | ?????????????????????????????????????????????????? | | ?????????????????????????????????????????????????? | | ?????????????????????????????????????????????????? | | ?????????????????????????????????????????????????? | | ??????????????????????#+?????? ????!?????????????? | | ?????????????]?????#### ????? #?????????????????? | | ??????????????????#!! ????? +?????????????????? | | ???????????????????!! ???? #?????????????????? | | ????????????????????! ?""" #?????????????????? | | ????????????????????! """" #?????????????????? | | ????????????????????? #?????????????????? | | ?????????????????????? #?????????????????? | | ???????????????????#### """" #?????????????????? | | ???????????????????#""" """" #?????????????????? | | ???????????????????#"Y "" " #?????????????????? | | ?????????????????????"" ###???????????????? | | ??????????????????????# ""#???????????????? | | ??????????????????????# g T"#???????????????? | | ??????????????????????# @ ""#???????????????? | | ??????????????????????# "Y" ######????????????? | | ??????????????????????# """ #????????????? | | ?????????????????# ; ! ##########???? | | ??^??????????????# # # #???? | | ?????????????????? ## ### # """ #???? | | ?????????????????# ??# ??# # """ #???? | | ?????????????????# ???# ??# # """ #???? | | ?????????????????##????# ??# + #???? | | ???????????????????????# ??# # """ #???? | | ???????????????????????#+??###+## # """ #???? | | ????????????????????????????????# # """ ????? | | ????????????????????????????????##### ????? | | ?????????????????????????????????????#########???? | | ?????????????????????????????????????????????????? | | ?????????????????????????????????????????????????? | | ?????????????????????????????????????????????????? | | ?????????????????????????????????????????????????? | | | | | | | | | | | | | | | +----------------------------------------------------+ Best States ------------- Heat Dissipation 38 Energy Generation 10 Energy Capacity 250 Matter Stores 300 Matter Capacity 300 Sight Range 16 Terrain Scan Density 10 Evasion (%) 40 Recoil Reduction 2 Item Schematics ----------------- None Robot Schematics ------------------ None Fabricated ------------ Nothing Repaired ---------- Nothing Studied --------- None Alien Tech Used ----------------- None Achievements -------------- None Challenges ------------ None Game ------ Seed DerelictDeepBlade Manual? 0 Play Time 00:07:25 Cumulative 297.4 hours Start 2026.08.23 @ 12:16:55 End 2026.08.23 @ 12:24:20 Sessions 1 Manual Loads 0 Difficulty Rogue Special Mode None Game No. 281 Rogue 227 Adventurer 54 Explorer 0 Win Type - Total 12 Types 8/0/1/1/0/0/0/1/0/1 Lore% 77 Gallery% 66 Achievement% 61 Wizard Run 0 Options --------- Layout 1 ASCII 0 Keyboard 0 Movement Mouse Keybinds 1 Fullscreen 2 Font 32/Tamsyn Map View 50x35 Zoom Use 0% Tactical HUD 1 Map Filters NONE Filters NONE Steam 1 RUN: 9cd31740-1ba9-49f3-abdc-4c3a23c9ca12